 Dungeon Crawl Stone Soup version 0.32-a0-834-geaf45d8e21 (webtiles) character file.

Game seed: 9030478406845324816

147 BigDaddyOpFi the Trooper (level 5, -1/42 HPs)
             Began as a Coglin Berserker on Mar 25, 2024.
             Was a Priest of Trog.
             Slain by a bullfrog (4 damage)
             ... in a sewer.
             The game lasted 00:03:11 (2728 turns).

BigDaddyOpFi the Trooper (Coglin Berserker)         Turns: 2728, Time: 00:03:11

Health: -1/42      AC:  9    Str: 19    XL:     5   Next: 29%
Magic:  5/5        EV:  8    Int:  6    God:    Trog [***...]
Gold:   75         SH:  0    Dex: 14    Spells: 4/4 levels left

rFire   + . .        a - +1 hand axe {Tlalli}
rCold   + . .        c - +0 dagger {Wei}
rNeg    . . .        i - +0 chain mail
rPois   +            k - +0 hat
rElec   +            (no cloak)
rCorr   +            (no gloves)
SInv    .            (no boots)
Will    .....        (amulet unavailable) Stlth
                     (ring unavailable)
HPRegen 0.27/turn    (ring unavailable)
MPRegen 0.09/turn    (no gizmo)

%: no passive effects
@: resistant, revved
A: off-hand wielding, slow wielding, warmup strikes, no jewellery
a: Invent Gizmo, Renounce Religion, Berserk, Trog's Hand


You were in a sewer.
You worshipped Trog.
Trog was most pleased with you.
You visited 1 branch of the dungeon, and saw 3 of its levels.
You also visited: Sewer.

You collected 75 gold pieces.

Inventory:

Hand Weapons
 a - a +1 hand axe (weapon) {Tlalli}
 c - a +0 dagger (offhand) {Wei}
Armour
 b - a +0 animal skin
 h - a +0 helmet
 i - a +0 chain mail (worn)
 j - an orb of mayhem
 k - a +0 hat (worn)
Scrolls
 e - a scroll of revelation
 l - a scroll of fog
 m - 2 scrolls of identify {unknown}
Potions
 f - a potion of curing


   Skills:
 + Level 3.9 Fighting
 + Level 3.9 Axes
 + Level 2.8 Armour
 + Level 2.8 Dodging


You had 4 spell levels left.
You didn't know any spells.
Your spell library was empty.

Dungeon Overview and Level Annotations

Branches:
Dungeon (3/15)              Sewer (1/1)

Altars:

Shops:
D:3 [*


Innate Abilities, Weirdness & Mutations

You can wield a second weapon in your off-hand.
It takes a long time for you to wield or remove held weapons.
Your first few attacks do less damage.
You cannot equip rings or amulets.


Message History

You hit the bullfrog with your +1 hand axe.
You miss the bullfrog with your +0 dagger.
The bullfrog closely misses you. x2; The bullfrog hits you.
You hit the bullfrog with your +1 hand axe.
The bullfrog is moderately wounded.
You completely miss the bullfrog with your +1 hand axe.
You completely miss the bullfrog with your +0 dagger.
You feel less invigorated.
You feel less confused. The bullfrog hits you.
The bullfrog hits you but does no damage.
The bullfrog hits you.
You barely miss the bullfrog with your +1 hand axe.
The bullfrog is moderately wounded.
You hit the bullfrog with your +1 hand axe.
You hit the bullfrog with your +0 dagger.
The bullfrog closely misses you. The bullfrog hits you.
The bullfrog barely misses you.
You closely miss the bullfrog with your +1 hand axe.
The bullfrog is moderately wounded.
You hit the bullfrog with your +1 hand axe.
You completely miss the bullfrog with your +0 dagger.
The bullfrog hits you but does no damage.
The bullfrog hits you. x2
You closely miss the bullfrog with your +1 hand axe.
The bullfrog is moderately wounded.
You hit the bullfrog with your +1 hand axe.
You closely miss the bullfrog with your +0 dagger.
The bullfrog hits you. x2
* * * LOW HITPOINT WARNING * * *
The bullfrog hits you but does no damage.
You hit the bullfrog but do no damage.
The bullfrog is moderately wounded.
You slash the bullfrog with your +1 hand axe!
You miss the bullfrog with your +1 hand axe.
The bullfrog hits you.
* * * LOW HITPOINT WARNING * * *
The bullfrog hits you but does no damage.
The bullfrog hits you.
You die...

##~~.##~.~##≈~~...~~≈≈
##~~~##~
#.~~.#~~~~#≈~~.?)$.~~~ #~~.~#~
#∩.~~#~~.†#~~.[$?.~~~~ #.~~~#†
#.~~~#~~~.#.~~~$~~..~~ #~~~.#~
##~~~##~~~#~~..~.~~~~≈
##~~~##~
#~~~.#.~~#~~.~~~~~~≈≈##.~~~#~~
##~~~##~.##~J#~~.≈≈###~~~~##~.
#.~~†##††#JF#######~~~.~##~.~
##~~~~#~~##F@..~~~~..~###~.~~
##~.~~~~~#..~~~...####~~~†~#
####~~~#######~∩.#~~~.~~.##
##~~#~~~~~#####~~.~#####
####..~~~~††~~~####~~∩#
#~~.#########~...~##
#~~~.~~~~~.~..∩.###
#~.~~.~~.~~.#####
#############


You could see 2 bullfrogs and 2 endoplasms.

Vanquished Creatures
  4 adders
  2 ribbon worms (D:2)
  5 dart slugs
  13 ball pythons
  17 endoplasms
  14 giant cockroaches
  2 hobgoblins (D:1)
  3 jackals (D:2)
  3 quokkas (D:3)
  5 bats
  10 frilled lizards
  5 kobolds
  3 rats
86 creatures vanquished.

Notes
Turn   | Place    | Note
-------+----------+-------------------------------------------
     0 | D:1      | BigDaddyOpFi the Coglin Berserker began the quest for the
                  | Orb.
     0 | D:1      | Reached XP level 1. HP: 18/18 MP: 1/1
    82 | D:1      | Reached XP level 2. HP: 18/24 MP: 2/2
   384 | D:1      | Found a faded altar of an unknown god.
   898 | D:2      | Reached XP level 3. HP: 26/29 MP: 3/3
  1098 | D:2      | Reached ** piety under Trog
  1888 | D:3      | Reached XP level 4. HP: 35/35 MP: 4/4
  1993 | D:3      | Found Nashru Hilo's Antique Armour Shop.
  2011 | D:3      | Found a glowing drain.
  2012 | D:3      | Found Epegh's Assorted Antiques.
  2050 | Sewer    | Entered a sewer
  2459 | Sewer    | Reached XP level 5. HP: 35/42 MP: 5/5
  2644 | Sewer    | Reached *** piety under Trog
  2728 | Sewer    | Slain by a bullfrog

Illustrated notes

Levels and vault maps discovered:
D:1:      dpeg_arrival_tiny_a, layout_basic,
          shapermc_ecumenical_altar_mp_vishouse, nicolae_hexahallways
D:2:      layout_basic, grunt_decor_one_mirror, st_stairs_2,
          hangedman_abyss_or_decor_stabs, due_unseen_surprise
D:3:      minmay_door_path, layout_basic, pdpol_wu_jian_five_deadly_venoms,
          mainiacjoe_overflow_24_doors, portal_sewer_entry_f, serial_forest,
          infiniplex_forest_lined_3, infiniplex_forest_lined_2,
          infiniplex_forest_lined_2, infiniplex_forest_lined_3,
          infiniplex_forest_end_1, infiniplex_forest_clump_curved, serial_shops,
          shop, nicolae_shop_peninsula, nicolae_shop_hallway_stairs
Sewer:    sewer_frog_island_02

Skill      XL: |  1 |
---------------+----+-----
Armour         | 2 |  2.8
Dodging        | 2 |  2.8
Fighting       | |  3.9
Axes           | |  3.9

Action                     |  1- 3 |  4- 6 || total
---------------------------+-------+-------++-------
  Melee: Hand axe          |    85 |   128 ||   213
         Dagger            |    81 |   121 ||   202
    Use: Scroll            |     3 |     1 ||     4
         Potion            |       |     4 ||     4
   Stab: Sleeping          |     2 |       ||     2
 Armour: Animal skin       |    33 |       ||    33
         Chain mail        |    30 |   172 ||   202
  Dodge: Dodged            |    51 |    79 ||   130

Table legend: (Time is in decaauts)
 A = Elapsed time spent in this place.
 B = Non-inter-level travel time spent in this place.
 C = Inter-level travel time spent in this place.
 D = Time resting spent in this place.
 E = Time spent auto-exploring this place.
 F = Levels seen in this place.
 G = Mean time per level.
                   A        B        C        D        E       F      G
               +--------+--------+--------+--------+--------+-----+--------+
         Total |   2799 |   2690 |    109 |    262 |   1863 |   4 |  699.8 |
       Dungeon |   2063 |   1954 |    109 |      0 |   1596 |   3 |  687.7 |
         Sewer |    736 |    736 |      0 |    262 |    267 |   1 |  736.0 |
               +--------+--------+--------+--------+--------+-----+--------+

Top non-repeatable levels by time:
     D:2: 1015 daAuts
     D:1: 860 daAuts
   Sewer: 736 daAuts
     D:3: 187 daAuts
